 Dungeon Crawl Stone Soup version 0.31-a0-152-g6aa68a64a1 (webtiles) character file.

Game seed: 15508487668355851289

583 qw the Skirmisher (level 7, -2/61 HPs)
             Began as a Minotaur Hunter on June 9, 2023.
             Slain by Pikel
             ... wielding a +0 whip of electrocution
              (9 damage)
             ... on level 5 of the Dungeon.
             The game lasted 00:01:14 (2858 turns).

qw the Skirmisher (Minotaur Hunter)                 Turns: 2858, Time: 00:01:14

Health: -2/61      AC:  8    Str: 16    XL:     7   Next: 14%
Magic:  6/6        EV: 11    Int:  6    God:
Gold:   171        SH:  0    Dex: 15    Spells: 6/6 levels left

rFire   . . .        Y - +1 shortbow (flame)
rCold   + + .        (shield currently unavailable)
rNeg    + . .        a - +2 ring mail {rC+}
rPois   +            (helmet restricted)
rElec   .            i - +0 cloak
rCorr   .            (no gloves)
SInv    .            (no boots)
Will    .....        (no amulet)
Stlth   +            l - ring "Boppisink" {rPois rN+}
HPRegen 0.30/turn    b - ring of protection from cold
MPRegen 0.10/turn

%: no passive effects
@: about to teleport
A: horns 2, retaliatory headbutt
a: no special abilities


You were on level 5 of the Dungeon.
You visited 2 branches of the dungeon, and saw 6 of its levels.

You collected 207 gold pieces.
You spent 36 gold pieces at shops.


Innate Abilities, Weirdness & Mutations

You have a pair of horns on your head.
You reflexively headbutt those who attack you in melee.


   Skills:
 - Level 5.4 Fighting
 - Level 8.3 Ranged Weapons
 + Level 1.2 Armour
 - Level 2.1 Dodging
 - Level 0.7 Stealth


You had 6 spell levels left.
You didn't know any spells.
Your spell library was empty.

Inventory:

Hand Weapons
 Y - a +1 shortbow of flaming (weapon)
Armour
 a - a +2 ring mail of cold resistance (worn)
 i - a +0 cloak (worn)
Jewellery
 b - a ring of protection from cold (right hand)
 e - a ring of positive energy
 f - a ring of ice
 l - the ring "Boppisink" (left hand) {rPois rN+}
   (You found it on level 4 of the Dungeon)

   [ring of positive energy]

   rPois:     It protects you from poison.
   rN:        It protects you from negative energy.
Scrolls
 h - a scroll of identify
 j - a scroll of magic mapping {unknown}
Potions
 c - 3 potions of curing
 g - 2 potions of heal wounds
 m - a potion of invisibility {unknown}

Dungeon Overview and Level Annotations

Branches:
Dungeon (5/15)             Temple (1/1) D:5

Altars:
Cheibriados
Dithmenos
Elyvilon
Fedhas
Makhleb
Nemelex Xobeh
Sif Muna
Trog
Wu Jian
Xom

Shops:
D:2 !

Annotations:
D:5 Pikel


Message History

You shoot an arrow.
The arrow hits the lemure but does no damage.
The lemure is heavily wounded.
The lemure closely misses you. Pikel hits you but does no damage.
The lemure barely misses you. The lemure closely misses you.
You furiously retaliate!
You headbutt the lemure, but do no damage.
You shoot an arrow. The arrow closely misses the lemure.
The lemure hits you.
Pikel hits you with a +0 whip of electrocution.
The lemure hits you. x2
You shoot an arrow. The arrow hits the lemure.
The arrow burns the lemure.
The lemure is heavily wounded.
The lemure hits you but does no damage. Pikel closely misses you.
The lemure closely misses you. You furiously retaliate!
You headbutt the lemure. The lemure hits you but does no damage.
You shoot an arrow. The arrow hits the lemure.
The arrow burns the lemure.
The lemure is severely wounded.
The lemure barely misses you. You furiously retaliate!
You headbutt the lemure! Pikel hits you but does no damage.
The lemure barely misses you. x2
You shoot an arrow.
The arrow hits the lemure but does no damage.
The lemure is almost dead.
The lemure closely misses you. You furiously retaliate!
You headbutt the lemure.
You kill the lemure!
That felt strangely unrewarding.
The lemure hits you. The lemure hits you but does no damage.
Pikel hits you but does no damage.
You shoot an arrow. The arrow hits the lemure.
The arrow burns the lemure.
The lemure is severely wounded.
The lemure barely misses you. The lemure hits you.
Pikel hits you with a +0 whip of electrocution.
The lemure barely misses you. The lemure hits you.
Pikel hits you with a +0 whip of electrocution!
You are electrocuted!
2858 ||| READING scroll of teleportation.
As you read the scroll of teleportation, it crumbles to dust.
You feel strangely unstable. The lemure hits you but does no damage.
Pikel hits you with a +0 whip of electrocution!
You die...

...##.........#
...##.######..######
...##.# #...).....#
#.###.# #.#..####.#
#.###.# #.#..# .#
......# #.#..####.###
#.##### #.#..##.....#
#.# #.#..##.5...##. #.#
#.#....@K......
#.########.#.###.5...###
........................
########################


You could see Pikel and 2 lemures.

Vanquished Creatures
  Menkaure (D:5)
  A phantom (D:5)
  2 lemures (D:5)
  A scorpion (D:5)
  A vampire bat (D:4)
  Natasha (thrice) (D:2)
  3 adders
  A shadow imp (D:4)
  6 worms
  4 dart slugs
  3 fire bats (D:4)
  2 orcs
  2 spectral bats (D:4)
  13 bats
  3 bat skeletons (D:4)
  A bat zombie (D:4)
  6 endoplasms
  2 giant cockroaches (D:1)
  3 goblins
  5 hobgoblins
  3 jackals (D:2)
  A quokka (D:3)
  6 ball pythons
  A bat simulacrum (D:4)
  3 frilled lizards
  7 kobolds
  6 rats
90 creatures vanquished.

Notes
Turn   | Place    | Note
-------+----------+-------------------------------------------
     0 | D:1      | qw the Minotaur Hunter began the quest for the Orb.
     0 | D:1      | Reached XP level 1. HP: 18/18 MP: 0/0
     0 | D:1      | 0 ||| qw: Version: 0.2-a-122-gbc61b45
     0 | D:1      | 0 ||| qw: Game counter: 3265
     0 | D:1      | 0 ||| qw: Always use a shield: true
     0 | D:1      | 0 ||| qw: God list: Okawaru
     0 | D:1      | 0 ||| qw: Allow faded altars: false
     0 | D:1      | 0 ||| qw: Do Orc after D:15 true
     0 | D:1      | 0 ||| qw: Do second Lair branch before Depths: true
     0 | D:1      | 0 ||| qw: Lair rune preference: random
     0 | D:1      | 0 ||| qw: Plans: Normal
     0 | D:1      | 0 ||| PLANNING D:1-11
    99 | D:1      | 99 ||| FLEEEEING.
   100 | D:1      | 100 ||| FLEEEEING.
   101 | D:1      | 101 ||| FLEEEEING.
   151 | D:1      | Reached XP level 2. HP: 25/25 MP: 1/1
   207 | D:1      | Reached skill level 5 in Ranged Weapons
   349 | D:1      | Reached skill level 3 in Fighting
   730 | D:1      | 730 ||| UPGRADING to +0 ring mail.
   740 | D:1      | 740 ||| DROPPING +0 leather armour.
   741 | D:1      | 741 ||| UPGRADING to ring of protection from cold.
   742 | D:1      | 742 ||| READING scroll labelled WOUTAZ UNWOU.
   743 | D:1      | 743 ||| READING 2 scrolls labelled JASOHA KUCY.
   744 | D:1      | 744 ||| DROPPING scroll of butterflies.
   812 | D:2      | HP: 5/26 [worm (5)]
   812 | D:2      | HP: 2/26 [goblin/+0 dagger (3)]
   814 | D:2      | Reached XP level 3. HP: 3/31 MP: 2/2
   815 | D:2      | Reached skill level 1 in Armour
   954 | D:2      | Noticed Natasha
   964 | D:2      | Killed Natasha
  1065 | D:2      | Reached XP level 4. HP: 33/38 MP: 3/3
  1146 | D:2      | Noticed Natasha
  1155 | D:2      | Killed Natasha
  1156 | D:2      | Reached skill level 6 in Ranged Weapons
  1284 | D:2      | Found Memonegi's Distillery.
  1295 | D:2      | 1295 ||| BUYING potion of curing (36 gold).
  1295 | D:2      | Bought a potion of curing for 36 gold pieces
  1295 | D:2      | 1295 ||| SHOPLISTING potion of haste (120 gold, have 45).
  1355 | D:2      | Noticed Natasha
  1363 | D:2      | Killed Natasha
  1364 | D:2      | Reached XP level 5. HP: 40/46 MP: 4/4
  1453 | D:2      | 1453 ||| UPGRADING to +2 ring mail of cold resistance.
  1463 | D:2      | 1463 ||| DROPPING +0 ring mail.
  1464 | D:2      | 1464 ||| UPGRADING to ring of positive energy.
  1465 | D:2      | 1465 ||| READING scroll labelled UWOLIL GUCUHE.
  1943 | D:3      | Found a sparkling altar of Nemelex Xobeh.
  1944 | D:3      | 1944 ||| UPGRADING to +0 cloak.
  1949 | D:3      | 1949 ||| READING scroll labelled ONAOSO ZEQI.
  1950 | D:3      | 1950 ||| READING scroll labelled UJEDGHUGOPT.
  1951 | D:3      | 1951 ||| READING 3 scrolls of identify.
  1951 | D:3      | 1951 ||| IDENTIFYING inky potion
  2099 | D:4      | Reached skill level 7 in Ranged Weapons
  2120 | D:4      | 2120 ||| Stepping ~*~*~tactically~*~*~ (outnumbered).
  2156 | D:4      | Reached XP level 6. HP: 52/52 MP: 5/5
  2355 | D:4      | Found a shadowy altar of Dithmenos.
  2406 | D:4      | Identified the ring "Boppisink" {rPois rN+}
  2441 | D:4      | Found a snail-covered altar of Cheibriados.
  2651 | D:4      | 2651 ||| UPGRADING to ring "Boppisink" {rPois rN+}.
  2653 | D:4      | 2653 ||| UPGRADING to ring of protection from cold.
  2655 | D:4      | 2655 ||| READING 2 scrolls labelled FOUL SEXIS.
  2658 | D:4      | 2658 ||| READING 3 scrolls of identify.
  2658 | D:4      | 2658 ||| IDENTIFYING dark potion
  2659 | D:4      | 2659 ||| READING 2 scrolls of identify.
  2659 | D:4      | 2659 ||| IDENTIFYING blue potion
  2660 | D:4      | 2660 ||| DROPPING potion of berserk rage.
  2661 | D:4      | 2661 ||| DROPPING potion of brilliance.
  2675 | D:5      | Entered Level 5 of the Dungeon
  2680 | D:5      | Noticed Menkaure
  2684 | D:5      | Killed Menkaure
  2685 | D:5      | Reached skill level 8 in Ranged Weapons
  2693 | D:5      | Reached XP level 7. HP: 51/60 MP: 6/6
  2693 | D:5      | 2693 ||| FLEEEEING.
  2737 | D:5      | Found a staircase to the Ecumenical Temple.
  2738 | D:5      | 2738 ||| PLANNING TEMPLE
  2738 | D:5      | 2738 ||| READING scroll labelled DOTOEW NEUK.
  2747 | Temple   | Entered the Ecumenical Temple
  2781 | Temple   | 2781 ||| PLANNING D:1-11
  2843 | D:5      | Noticed Pikel
  2857 | D:5      | HP: 7/61 [Pikel/+0 whip of electrocution (16)]
  2858 | D:5      | 2858 ||| READING scroll of teleportation.
  2858 | D:5      | Slain by Pikel

Levels and vault maps discovered:
D:1:      spicycebolla_arrival_xxxplode, layout_loops_cross
D:2:      layout_rooms, serial_shops, shop, uniq_natasha
D:3:      layout_basic, nemelex_dance_club_becter
D:4:      layout_basic, nicolae_dithmenos_the_darkroom,
          mainiacjoe_overflow_small_starburst, goddamned_bats
D:5:      layout_loops_ring, nicolae_hepliaklqana_monster_ancestors,
          nicolae_ru_path_of_blood, minmay_temple_entry_purple_smoke,
          uniq_blork_the_orc, uniq_menkaure, uniq_pikel
Temple:   nicolae_temple_little_seven

Skill      XL: |  1  2  3  4  5  6  7 |
---------------+----------------------+-----
Ranged Weapons | 5 6 7 8 |  8.3
Fighting       | 3 4 5 |  5.4
Armour         | 1 |  1.2
Dodging        | |  2.1
Stealth        | |  0.7

Action                     |  1- 3 |  4- 6 |  7- 9 || total
---------------------------+-------+-------+-------++-------
   Fire: Shortbow          |    99 |   151 |    28 ||   278
    Use: Scroll            |     2 |     7 |     2 ||    11
 Armour: Leather armour    |     8 |       |       ||     8
         Ring mail         |     6 |    43 |    11 ||    60
  Dodge: Dodged            |    30 |    61 |    22 ||   113

Table legend:
 A = Non-vault XP
 B = Vault XP
 C = Vault XP percentage of total XP
 D = Non-vault monster count
 E = Vault monster count
 F = Vault count percentage of total count
                 A         B        C        D         E       F
            +---------+---------+-------+---------+---------+-------
      Total |     428 |     405 |  48.6 |      64 |      24 |  27.3
            +---------+---------+-------+---------+---------+-------
        D:1 |      35 |       0 |   0.0 |      20 |       0 |   0.0
        D:2 |     127 |      35 |  21.6 |      21 |       1 |   4.5
        D:3 |      24 |       5 |  17.2 |      12 |       2 |  14.3
        D:4 |      26 |     182 |  87.5 |       6 |      20 |  76.9
        D:5 |     216 |     183 |  45.9 |       5 |       1 |  16.7
            +---------+---------+-------+---------+---------+-------
